Cogmind - Beta 15 @@@ ROGUE MODE // 2025.08.29 @ 01:16:40 Player: aloola Result: Destroyed by D-53 Grenadier with Mini Grenade Launcher Performance ------------- Evolutions (0) 0 Regions Visited (2) 400 Robots Destroyed (24) 120 Value Destroyed (321) 321 Prototype IDs (0) 0 Alien Tech Used (0) 0 Bonus (0) 0 TOTAL SCORE: 841 Bonus ------- None Cogmind --------- Core Integrity 0/250 Matter 201/300 Energy 100/100 System Corruption 0% Temperature Cool (0) Movement Treading (160) Location -10/Mines Parts ------- > --- POWER (1) -------- (None) > --- PROPULSION (2) --- Light Treads > --- UTILITY (2) ------ Medium Storage Unit > --- WEAPON (2) ------- Shotgun Shotgun > --- INVENTORY (10) --- Light Treads High-capacity Storage Unit Huge Storage Unit Structural Scanner Seismic Detector Shotgun Grenade Launcher Grenade Launcher Peak State ------------ > --- POWER ------------ Light Ion Engine > --- PROPULSION ------- Light Treads Light Treads > --- UTILITY ---------- Small Storage Unit Light Armor Plating > --- WEAPON ----------- Shotgun Shotgun > --- INVENTORY -------- Light Treads High-capacity Storage Unit Huge Storage Unit Structural Scanner Seismic Detector Beam Cannon Grenade Launcher Grenade Launcher [Rating: 9] Favorites ----------- Power Light Ion Engine Engine Light Ion Engine Propulsion Light Treads Treads Light Treads Utility Small Storage Unit Device Seismic Detector Storage Small Storage Unit Protection Light Armor Plating Weapon Shotgun Energy Gun EM Pulse Gun Ballistic Gun Shotgun Launcher Grenade Launcher Build | -11 -10 -10 ------- Run | Yrd Mat Min Slots Evolved . | . . . Power . | . . . Propulsion . | . . . Utility . | . . . Weapon . | . . . Parts Attached 12 | 7 4 1 Power 1 | 1 . . Engine 1 | 1 . . Core . | . . . Reactor . | . . . Propulsion 2 | 2 . . Treads 2 | 2 . . Leg . | . . . Wheel . | . . . Hover . | . . . Flight . | . . . Utility 4 | 2 2 . Device 1 | 1 . . Storage 2 | 1 1 . Processor . | . . . Hackware . | . . . Protection 1 | . 1 . Artifact . | . . . Weapon 5 | 2 2 1 Energy Gun 1 | 1 . . Energy Cannon . | . . . Ballistic Gun 3 | 1 2 . Ballistic Cannon . | . . . Launcher 1 | . . 1 Special Weapon . | . . . Impact Weapon . | . . . Slashing Weapon . | . . . Piercing Weapon . | . . . Special Melee Weapon . | . . . Unidentified Prototypes . | . . . Parts Lost 3 | . . 3 Power 1 | . . 1 Propulsion 1 | . . 1 Utility 1 | . . 1 Weapon . | . . . Highest Loss Streak 3 | . . 3 To Critical Strikes . | . . . Average Backups 6 | 1 7 8 Power . | . . . Propulsion . | . . 1 Utility 3 | . 3 4 Weapon 2 | . 2 3 Tool/Special . | . . . Unused Backups 11 | . 5 6 Power 1 | . 1 . Propulsion 2 | . 1 1 Utility 4 | . 1 3 Weapon 4 | . 2 2 Tool/Special . | . . . Average Slot Usage (%) 99 | . 100 94 Engine 13 | . 14 12 Treads 27 | . 28 26 Device 5 | . 5 . Storage 14 | . 14 14 Protection 8 | . 8 11 Energy Gun 8 | . 8 . Ballistic Gun 19 | . 19 25 Peak Build Rating 9 | 7 9 9 Average Rating 7 | 5 8 8 On Entrance 5 | . 7 9 Naked Turns . | . . . Heaviest Build 22 | 13 22 22 Greatest Support 40 | 40 40 40 Greatest Overweight (x) 1 | 1 . . Average Overweight (x) . | . . . Largest Inventory Capacity 10 | 8 10 10 Average Capacity 8 | 7 8 10 Most Carried 8 | 3 8 8 Average Carried 6 | 1 7 8 Final Capacity 10 | 8 10 10 Final Carried 8 | 3 8 8 Class Distribution -------------------- 100% | Mutant Dominant Class ---------------- Mutant | -10/Materials Mutant | -10/Mines Resources | -11 -10 -10 ----------- Run | Yrd Mat Min Matter Collected 461 | 306 155 . Remotely . | . . . Salvage Created 660 | 137 514 9 Parts 46 | 9 34 3 Haulers Intercepted 1 | . 1 . Recyclers Shooed 1 | . 1 . Parts Field Recycled . | . . . Retrieved Matter . | . . . Parts Self-Destructed . | . . . Prevented . | . . . Kills | -11 -10 -10 ------- Run | Yrd Mat Min Combat Hostiles Destroyed 16 | . 13 3 Guns 12 | . 12 . AOE 4 | . 1 3 Classes Destroyed 7 | 2 5 . Worker 1 | . 1 . Builder 1 | . 1 . Tunneler 3 | 3 . . Hauler 1 | . 1 . Recycler 2 | 1 1 . Swarmer 11 | . 8 3 Grunt 5 | . 5 . Best Kill Streak 4 | 4 4 3 Combat Bots Only 4 | . 4 3 Max Kills in Single Turn 2 | 1 2 1 Gunslinging . | . . . Exploded 1 | . 1 1 Melee . | . . . Uniques/NPCs Destroyed . | . . . Combat | -11 -10 -10 -------- Run | Yrd Mat Min Hostile Shots Fired 62 | . 38 24 Missed 13 | . 11 2 Hits 49 | . 27 22 Projectile 49 | . 27 22 AOE 15 | . . 15 Critical Strikes 1 | . 1 . Damage Taken 937 | . 259 678 Core 257 | . 33 224 Absorbed by Shields . | . . . Core Remaining (%) 100 | 100 . . Volleys Fired 56 | 12 33 11 Largest 2 | 1 2 2 Hottest 60 | 20 60 46 Shots Fired 90 | 12 59 19 Gun 87 | 12 59 16 Cannon . | . . . Launcher 3 | . . 3 Special . | . . . Kinetic 65 | 12 37 16 Thermal . | . . . Explosive 3 | . . 3 Electromagnetic 22 | . 22 . Robot Hit Streak 6 | 4 6 6 Robot Miss Streak 4 | 1 4 3 Penetration Max . | . . . Secondary Targets . | . . . Shots Hit Robots 62 | 10 37 15 Core Hits 37 | 5 25 7 Critical Kills 1 | . 1 . Critical Parts Destroyed . | . . . Critical Strikes 1 | . 1 . Destroy 1 | . 1 . Melee Attacks . | . . . Impact . | . . . Slashing . | . . . Piercing . | . . . Sneak Attacks . | . . . Combat Hostiles . | . . . Follow-up Attacks . | . . . Damage Inflicted 1070 | 125 609 336 Guns 805 | 125 523 157 Cannons . | . . . Explosions 232 | . 53 179 Melee . | . . . Ramming 33 | . 33 . Kinetic 643 | 125 361 157 Thermal 53 | . 53 . Explosive 179 | . . 179 Electromagnetic 162 | . 162 . Impact . | . . . Slashing . | . . . Piercing . | . . . Highest Corruption . | . . . Average Corruption . | . . . Corruption Purged . | . . . Corruption Blocked . | . . . Overload Shots . | . . . Overflow Damage . | . . . Projectiles . | . . . Explosions . | . . . Melee . | . . . Knockbacks . | . . . Impact . | . . . Kinetic . | . . . Secondary . | . . . Self-Inflicted Damage 22 | . . 22 Shots 2 | . . 2 Rammed 14 | 1 13 . Targets Rammed 14 | 1 13 . Kicked . | . . . Crushed . | . . . Highest Temperature 54 | . 54 . Average Temperature 19 | . 19 . Received Heat Transfer 36 | . 36 . Siege Activations . | . . . Martial Activations . | . . . Shielding Activations . | . . . Robots Disrupted . | . . . Combat Hostiles . | . . . Robots Corrupted . | . . . Combat Hostiles . | . . . Parts Fried . | . . . Impact Corruptions . | . . . Robots Melted . | . . . Combat Hostiles . | . . . Parts Melted . | . . . Heat Transferred 100 | . 100 . Parts Sabotaged . | . . . Parts Stolen . | . . . Parts Stripped . | . . . Power Chain Reactions 1 | . 1 . Alert | -11 -10 -10 ------- Run | Yrd Mat Min Maximum Alert Level . | . . . Low Security (%) 100 | 100 100 100 Level 1 . | . . . Level 2 . | . . . Level 3 . | . . . Level 4 . | . . . Level 5 . | . . . High Security . | . . . Max Security . | . . . Peak Influence 157 | 15 157 86 Initial 17 | . . 17 Average 45 | 2 50 27 Influence Increases 470 | 20 364 86 Destroy 0b10 Robot/C 320 | . 260 60 Destroy 0b10 Robot/NC 40 | 20 20 . Destroy Leader 62 | . 52 10 Destroy Structure 18 | . 2 16 Lose Combat Pursuer 30 | . 30 . Influence Decreases 434 | 20 318 96 Entered New Map 29 | . . 29 Time Decay 375 | 20 318 37 Lost Part 30 | . . 30 Squads Dispatched 3 | . 3 . Investigation 1 | . 1 . Extermination . | . . . Reinforcement 2 | . 2 . Assault . | . . . Garrison . | . . . Intercept . | . . . Searches Triggered . | . . . Construction Impeded . | . . . Haulers Reinforced . | . . . Active Scanning Responses . | . . . Cargo Convoy Interrupts . | . . . Stealth | -11 -10 -10 --------- Run | Yrd Mat Min Distress Signals 4 | . 4 . Communications Jammed . | . . . Distress Signals . | . . . Times Spotted 34 | . 29 5 Peak Tracking Total 4 | . 4 3 Tactical Retreats 1 | . 1 . Traps | -11 -10 -10 ------- Run | Yrd Mat Min Traps Triggered 2 | . 2 . Indirectly . | . . . Trap Hack Attempts . | . . . Triggered . | . . . Disarmed . | . . . Reprogrammed . | . . . Reused . | . . . Traps Extracted . | . . . Installed . | . . . Triggered . | . . . Machines | -11 -10 -10 ---------- Run | Yrd Mat Min Machines Disabled . | . . . Max in Single Turn . | . . . Machines Repaired . | . . . Machines Dismantled . | . . . Machines Sabotaged . | . . . Overloaded Fab Kills . | . . . Hacking | -11 -10 -10 --------- Run | Yrd Mat Min Machines Accessed 3 | . 3 . Terminals 3 | . 3 . Fabricators . | . . . Repair Stations . | . . . Recycling Units . | . . . Scanalyzers . | . . . Garrison Access . | . . . Total Hacks 4 | . 4 . Successful 1 | . 1 . Failed 3 | . 3 . Catastrophic 1 | . 1 . Database Lockouts . | . . . Manual 4 | . 4 . Terminals 4 | . 4 . Fabricators . | . . . Repair Stations . | . . . Recycling Units . | . . . Scanalyzers . | . . . Garrison Access . | . . . Terminal Hacks 1 | . 1 . Robot Analysis 1 | . 1 . Fabricator Hacks . | . . . Repair Station Hacks . | . . . Recycling Unit Hacks . | . . . Scanalyzer . | . . . Garrison Access Hacks . | . . . Unauthorized Hacks . | . . . Terminals . | . . . Fabricators . | . . . Repair Stations . | . . . Recycling Units . | . . . Scanalyzers . | . . . Garrison Access . | . . . Data Cores Recovered . | . . . Used . | . . . Hacking Detections 3 | . 3 . Full Trace Events . | . . . Feedback Events . | . . . Feedback Blocked . | . . . Robot Schematics Acquired . | . . . Robots Built . | . . . Authchips . | . . . Time . | . . . Total Robot Build Rating . | . . . Part Schematics Acquired . | . . . Parts Built . | . . . Authchips . | . . . Time . | . . . Total Part Build Rating . | . . . Parts Repaired . | . . . Time . | . . . Parts Recycled . | . . . Recycled Matter . | . . . Retrieved Matter . | . . . Retrieved Components . | . . . Parts Scanalyzed . | . . . Part Schematics Acquired . | . . . Parts Damaged . | . . . Bothacking | -11 -10 -10 ------------ Run | Yrd Mat Min Used RIF Installer . | . . . Robots Hacked . | . . . Non-combat . | . . . Combat . | . . . Robot Hacks Applied . | . . . Relay Couplers Released . | . . . Fabnet Peak Effective % . | . . . Robots Rewired . | . . . Allies Hacked . | . . . Hacks Repelled . | . . . Allies | -11 -10 -10 -------- Run | Yrd Mat Min Total Allies . | . . . Largest Group . | . . . Highest-Rated Group . | . . . Highest-Rated Ally . | . . . Total Orders . | . . . Ally Attacks . | . . . Total Damage . | . . . Kills . | . . . Allies Corrupted . | . . . Allies Melted . | . . . Intel | -11 -10 -10 ------- Run | Yrd Mat Min Active Infowar (turns) 588 | 46 542 . Seismic 588 | 46 542 . Robot Analysis Total 1 | . 1 . Derelict Logs Recovered . | . . . Drone Launches . | . . . Drone Recoveries . | . . . Exploration | -11 -10 -10 ------------- Run | Yrd Mat Min Turns Passed 1568 | 123 1342 103 Spaces Moved 806 | 57 706 43 Core 11 | 11 . . Treads 795 | 46 706 43 Legs . | . . . Wheels . | . . . Hover . | . . . Flight . | . . . Fastest Speed 50 | 50 160 160 Average Speed 158 | 145 160 160 Slowest Speed 160 | 160 160 160 Overloaded Moves . | . . . Propulsion Burnouts . | . . . Robots Hopped . | . . . Potential Cave-ins . | . . . Cave-ins Triggered . | . . . Exploration Rate (%) 37 | 4 94 15 Regions Visited 2 Branch Regions 1 Pre-discovered Areas . | . . . Known Exits Taken . | . . . Unknown Exits Taken 2 | 1 1 . Scrap Searched . | . . . Spaces Dug . | . . . Terrain Destroyed 20 | . 2 18 Melee . | . . . Projectile . | . . . AOE 20 | . 2 18 Terrain Rammed . | . . . Walls Destroyed . | . . . Machines Disabled . | . . . Actions | -11 -10 -10 --------- Run | Yrd Mat Min Total 995 | 81 855 59 Wait 87 | 2 82 3 Move 804 | 56 705 43 Hop . | . . . Pick Up 13 | 3 10 . Fast Attach 8 | 7 1 . Attach . | . . . Detach . | . . . Swap 5 | . 3 2 Drop 8 | . 8 . Fire 56 | 12 33 11 Melee . | . . . Ram . | . . . Kick . | . . . Crush 14 | 1 13 . Escape Stasis . | . . . Rewire . | . . . Trap . | . . . Miscellaneous . | . . . Route ------- -11/Scrapyard -10/Materials (discovered 4 exits: [*Mat x2] / [*Min x2]) -10/Mines History --------- Turn | Location | Event 9 | -11/Scrapyard | Discovered new exit (range 16) 124 | -11/Scrapyard | Entered Materials 303 | -10/Materials | Discovered new exit (range 12) 315 | -10/Materials | Build established: Mutant 521 | -10/Materials | Discovered new exit (range 15) 764 | -10/Materials | Discovered new exit (range 15) 942 | -10/Materials | Discovered new exit (range 11) 1466 | -10/Materials | Entered Mines 1467 | -10/Mines | Assembled infested the area 1552 | -10/Mines | Core integrity fell below 50% 1560 | -10/Mines | Core integrity fell below 20% 1569 | -10/Mines | Destroyed by D-53 Grenadier with Mini Grenade Launcher Last Messages --------------- 01406_ R-06 Scavenger collects Sml. Laser. 01407_ Slammed into R-06 Scavenger. 01408_ Acquired 13 matter. 01409_ Slammed into R-06 Scavenger. LOCATION=UNKNOWN GOAL=ESCAPE Something is scanning the area. 01467_ ALERT: Infestation in the mines, dispatching Demolisher response squad. 01530_ S-10 Pest destroyed. 01540_ C-30 ARC bursts open, deploying its payload. 01540_ D-53 Grenadier unfolds itself. 01547_ Lgt. Armor Plating destroyed. 01550_ The unstable cave ceiling collapses. 01551_ Lgt. Ion Engine destroyed. 01552_ The unstable cave ceiling collapses. 01553_ Lgt. Treads destroyed. 01555_ D-53 Grenadier destroyed. 01562_ Destroyed Shock Absorption System. 01569_ The unstable cave ceiling collapses. Map ----- +----------------------------------------------------+ | ?????????????????????????????????? | | ?????????????????????????????????? | | ?????????????????????????????????? | | ?????????????????????????????????? | | ?????????????????????????????????? | | ?????????????????????????????????? | | ?????????????????????????????????? | | ?????????????????????????????????? | | ?????????????????????????????????? | | ?????????????????????????????????? | | ????????????????????##???????????? | | ????????????????????? ???????????? | | ?????????????????????#%######????? | | ?????????????????????# # #????? | | ?????????????????????# ##???? | | ?????????????????????# % ##??? | | ?????????????????????# [ ##?? | | ?????????????????????? #?? | | ???????????????????????# [ #?? | | ???????????????????????# #?? | | ??????????????????????### #?? | | ?????????????????????## d #?? | | ????????????????????## #?? | | ????????????????????# # #?? | | ????????????????????# ##?? | | ????????????????????# #@ #??? | | ????????????????????# #??? | | ????????????????????# #??? | | ????????????????????# ##??? | | ????????????????????## ##???? | | ?????????????####????# ###????? | | ????????????## ##??# #??????? | | ????????????# ##?# ###????? | | ????????????# ### ##???? | | ????????????## ## #???? | | ?????????????# #???? | | ?????????????# ##??? | | ?????????????## ##?? | | ??????????????##### ##? | | ??????????????????## #? | | ???????????????????# ! #? | | ???????????????????# !! #? | | ???????????????????# !! ## ##? | | ???????????????????# !! ## #?? | | ???????????????????# ## #?? | | ???????????????????######## ##?? | | ?????????????????????????# #??? | | ?????????????????????????# #??? | | ?????????????????????????## ##??? | | ??????????????????????????####???? | +----------------------------------------------------+ Best States ------------- Heat Dissipation 25 Energy Generation 10 Energy Capacity 125 Matter Stores 300 Matter Capacity 300 Sight Range 16 Terrain Scan Density 10 Armor Coverage 150 Evasion (%) 40 Recoil Reduction 2 Item Schematics ----------------- None Robot Schematics ------------------ None Fabricated ------------ Nothing Repaired ---------- Nothing Alien Tech Used ----------------- None Achievements -------------- None Challenges ------------ None Game ------ Seed ParticleFieldthrustSpoofer Manual? 0 Play Time 00:20:00 Cumulative 128.2 hours Start 2025.08.29 @ 00:50:57 End 2025.08.29 @ 01:16:40 Sessions 1 Manual Loads 0 Difficulty Rogue Special Mode None Game No. 57 Rogue 57 Adventurer 0 Explorer 0 Win Type - Total 8 Types 8/0/0/0/0/0/0/0/0/0 Lore% 67 Gallery% 60 Achievement% 48 Wizard Run 0 Options --------- Layout 0 ASCII 0 Keyboard 1 Movement Numpad Keybinds 0 Fullscreen 1 Font 18/Cog Map View 76x50 Zoom Use 0% Tactical HUD 1 Map Filters NONE Filters NONE Steam 1 RUN: 8abfb54d-b7e0-4110-bf96-fbb4e0bd89b6